 Dungeon Crawl Stone Soup version 0.28.0-45-g0d030f2227 (webtiles) character file.

Game seed: 13068807718353314599

1267 MisterFreud the Ruffian (level 8, -3/66 HPs)
             Began as a White Draconian Transmuter on May 4, 2022.
             Slain by an orc warrior
             ... wielding a +0 scimitar
              (8 damage)
             ... on level 6 of the Dungeon.
             The game lasted 00:11:32 (7367 turns).

MisterFreud the Ruffian (DrTm)                      Turns: 7367, Time: 00:11:33

Health: -3/66      AC:  6    Str: 13    XL:     8   Next: 27%
Magic:  11/11      EV: 13    Int: 16    God:
Gold:   144        SH:  0    Dex: 11    Spells: 1/11 levels left

rFire   . . .      SeeInvis .     - Unarmed
rCold   + . .      Faith    .   (no shield)
rNeg    . . .      Spirit   .   (armour unavailable)
rPois   +          Reflect  .   (helmet restricted)
rElec   .          Harm     .   (no cloak)
rCorr   .          Rampage  .   (no gloves)
Will    +....      Clarity  +   (no boots)
Stlth   +.........              (no amulet)
HPRegen 0.21/turn               l - ring of poison resistance
MPRegen 0.12/turn               n - ring of willpower

@: no status effects
A: breathe frost, AC +6, unfitting armour, cold resistance 1, cold-blooded,
talons 1, clarity
a: Breathe Frost


You were on level 6 of the Dungeon.
You visited 1 branch of the dungeon, and saw 6 of its levels.
You also visited: Ossuary.

You collected 200 gold pieces.
You spent 56 gold pieces at shops.

Inventory:

Missiles
 a - 9 poisoned darts
 k - 2 atropa-tipped darts
Jewellery
 l - a ring of poison resistance (left hand)
 m - an amulet of faith
 n - a ring of willpower (right hand)
Wands
 e - a wand of charming (10)
 o - a wand of polymorph (11)
Scrolls
 b - 2 scrolls of immolation
 c - a scroll of vulnerability
 f - a scroll of enchant weapon
 h - a scroll of fear
 i - a scroll of amnesia
 j - a scroll of blinking
 r - a scroll of torment {unknown}
Potions
 g - 2 potions of curing
 p - a potion of might
 q - a potion of attraction


   Skills:
 - Level 4.0 Fighting
 + Level 3.9 Dodging
 - Level 6.0 Unarmed Combat
 - Level 2.0 Spellcasting
 - Level 6.0 Transmutations
 - Level 4.0 Ice Magic


You had one spell level left.
You knew the following spells:

 Your Spells              Type           Power      Damage    Failure   Level
a - Beastly Appendage     Tmut           40%        N/A       1%          1
b - Wereblood             Tmut           20%        N/A       2%          2
c - Spider Form           Tmut/Pois      11%        N/A       19%         3
d - Ice Form              Ice/Tmut       17%        N/A       26%         4

Your spell library contained the following spells:

 Spells                   Type           Power      Damage    Failure   Level
 Confusing Touch          Hex            1%         N/A       52%         3
 Yara's Violent Unravell  Hex/Tmut       5%         3d4       86%         5
 Enfeeble                 Hex            0%         N/A       100%        7


Dungeon Overview and Level Annotations

Branches:
Dungeon (6/15)             Temple (0/1) D:6         Ossuary (visited)

Altars:
Kikubaaqudgha
Xom
Beogh

Shops:
D:4 !

Annotations:
D:3 3 runed translucent doors, markt42's ghost, novice GrFi


Innate Abilities, Weirdness & Mutations

You can breathe waves of freezing cold which knock back foes.
Your icy white scales are hard. (AC +6)
You cannot fit into any form of body armour.
Your flesh is cold resistant. (rC+)
You are cold-blooded and may be slowed by cold attacks.
You have sharp toenails.
You possess an exceptional clarity of mind.


Message History

Reactivating autopickup.
You feel a bit more experienced.
The orc priest invokes the aid of Beogh against you.
Beogh smites you! The orc closely misses you. The orc completely misses you.
You hit the orc.
The orc is heavily wounded.
You hit the orc.
The orc is severely wounded.
You hit the orc warrior but do no damage.
The orc warrior is poisoned.
Your transformation has ended.
The orc hits you with a +0 hand axe.
The orc warrior hits you with a +0 scimitar!
* * * LOW HITPOINT WARNING * * *
You hit the orc warrior.
The orc warrior is moderately wounded.
The orc hits you with a +0 hand axe.
* * * LOW HITPOINT WARNING * * *
The orc warrior hits you with a +0 scimitar.
* * * LOW HITPOINT WARNING * * *
It was a potion of mutation.
You feel extremely strange.
Your thoughts seem clearer.
Your toenails lengthen and sharpen.
You fade into invisibility!
You feel better.
The orc warrior hits you with a +0 scimitar!
* * * LOW HITPOINT WARNING * * *
The orc hits you with a +0 hand axe.
* * * LOW HITPOINT WARNING * * *
The orc priest mumbles some strange prayers to Beogh against the orc warrior.
The orc barely resists.
You flicker for a moment.
The orc shouts!
Found a staircase to the Ecumenical Temple.
You flicker back into view.
Found 2 potions of degeneration.
The orc warrior looks more healthy.
The orc priest begins to cast a cantrip, but forgets the words!
There is a staircase to the Ecumenical Temple here.
The orc warrior hits you with a +0 scimitar!
You die...

#....# #....#
##....# .....# #...#
#### ## ##..###..##
##.##...##....#
#..#.............##
#...@oo#........#
#..!....###.......##
#..####..#
#...o....# #. ##..
#........#
.#..##.......# # .
....#......# . ..
...........###.
...........##..
..........#...


You could see an orc warrior and an orc.

Vanquished Creatures
  An ice beast (D:6)
  A necrophage (D:4)
  An ogre (D:5)
  Blork the orc (D:5)
  2 phantoms
  A scorpion (D:5)
  4 centaur zombies (Ossuary)
  A jelly (D:5)
  A human zombie (Ossuary)
  A bullfrog zombie (D:5)
  3 hounds
  Terence (D:3)
  2 iguanas (D:5)
  4 orc wizards
  2 hound skeletons
  2 mummies (Ossuary)
  A howler monkey skeleton (D:5)
  4 gnolls (D:5)
  3 adders
  A white imp (D:5)
  2 adder zombies (Ossuary)
  An adder skeleton (D:4)
  11 orcs
  9 ball pythons
  3 bats
  8 endoplasms
  3 giant cockroaches
  3 goblins
  2 hobgoblins
  2 jackals (D:4)
  5 quokkas
  5 frilled lizards
  4 goblin zombies
  10 hobgoblin zombies (Ossuary)
  A jackal zombie (Ossuary)
  5 kobolds
  9 kobold zombies (Ossuary)
  8 orc zombies (Ossuary)
  8 rats
136 creatures vanquished.

Notes
Turn   | Place    | Note
-------+----------+-------------------------------------------
     0 | D:1      | MisterFreud the Draconian Transmuter began the quest for
                  | the Orb.
     0 | D:1      | Reached XP level 1. HP: 16/16 MP: 3/3
   324 | D:1      | Reached XP level 2. HP: 23/23 MP: 3/5
   414 | D:1      | Found a faded altar of an unknown god.
  1154 | D:2      | Identified the +9 chain mail of Keuthiynwa {rC+ rN+}
  1626 | D:2      | Learned a level 2 spell: Wereblood
  1806 | D:2      | Reached XP level 3. HP: 26/28 MP: 4/6
  2438 | D:3      | Found a runed translucent gate.
  2439 | D:3      | Found a runed translucent gate.
  2439 | D:3      | Found a runed translucent gate.
  2439 | D:3      | Noticed markt42's ghost (novice GrFi)
  2442 | D:3      | Identified the +6 short sword of Ucourep {vorpal, rElec}
  2449 | D:3      | Noticed Terence
  2462 | D:3      | Learned a level 3 spell: Spider Form
  2474 | D:3      | Killed Terence
  2660 | D:3      | You fall into a shaft and drop 2 floors!
  2660 | D:5      | Entered Level 5 of the Dungeon
  2662 | D:5      | Found a sand-covered staircase.
  2671 | Ossuary  | Entered an ossuary
  2685 | Ossuary  | Reached XP level 4. HP: 34/35 MP: 0/7
  3042 | Ossuary  | Reached skill level 5 in Transmutations
  3042 | Ossuary  | Reached XP level 5. HP: 11/41 MP: 2/8
  3423 | Ossuary  | HP: 2/46 [human zombie (3)]
  3428 | Ossuary  | HP: 2/46 [human zombie (1)]
  3438 | Ossuary  | HP: 2/46 [goblin zombie (1)]
  3507 | Ossuary  | HP: 2/69 [mummy (10)]
  3620 | Ossuary  | Reached XP level 6. HP: 6/52 MP: 6/9
  4362 | D:4      | Found an ancient bone altar of Kikubaaqudgha.
  4419 | D:4      | Reached skill level 5 in Unarmed Combat
  4419 | D:4      | Your scales start taking on an icy white colour.
  4419 | D:4      | Reached XP level 7. HP: 41/59 MP: 6/10
  4419 | D:4      | Gained mutation: Your flesh is cold resistant. (rC+) [White
                  | Draconian growth]
  4590 | D:4      | HP: 1/59 [orc wizard/puff of flame (11)]
  5022 | D:4      | Learned a level 4 spell: Ice Form
  5178 | D:4      | Found Gyz Kum's Distillery.
  5203 | D:4      | Bought a potion of might for 56 gold pieces
  5609 | D:3      | Reached skill level 1 in Ice Magic
  6282 | D:5      | Noticed Blork the orc
  6297 | D:5      | HP: 2/59 [poisoned by a scorpion]
  6722 | D:5      | Found a shimmering altar of Xom.
  6795 | D:5      | Killed Blork the orc
  6796 | D:5      | Reached XP level 8. HP: 37/66 MP: 6/11
  7347 | D:6      | Gained mutation: You possess an exceptional clarity of
                  | mind. [potion of mutation]
  7347 | D:6      | Gained mutation: You have sharp toenails. [potion of
                  | mutation]
  7349 | D:6      | HP: 3/66 [orc warrior/+0 scimitar (12)]
  7349 | D:6      | HP: 1/66 [orc/+0 hand axe (2)]
  7361 | D:6      | Found a staircase to the Ecumenical Temple.
  7367 | D:6      | Slain by an orc warrior

Illustrated notes

Levels and vault maps discovered:
D:1:      minmay_arrival_four_loops, layout_basic,
          shapermc_ecumenical_altar_flowoftime
D:2:      layout_loops_corners
D:3:      layout_loops_ring, nicolae_overflow_hidden_temple,
          biasface_ghost_orc_armoury, uniq_terence
D:4:      nicolae_cairo_tiling_large_dashed, layout_basic,
          nicolae_kikubaaqudgha_miasma_corner, serial_shops, nicolae_shop_stone
D:5:      layout_basic, lemuel_round_altar, enter_ossuary_4, uniq_blork_the_orc
D:6:      layout_cave_pods, minmay_temple_entry_wispy, minmay_misc_feat_room

Skill      XL: |  1  2  3  4  5  6  7  8 |
---------------+-------------------------+-----
Transmutations | 3 4 5 6 |  6.0
Fighting       | 2 4 |  4.0
Unarmed Combat | 5 6 |  6.0
Dodging        | 3 |  3.9
Ice Magic      | 3 4 |  4.0
Spellcasting   | |  2.0

Action                   |  1- 3 |  4- 6 |  7- 9 || total
-------------------------+-------+-------+-------++-------
Melee: Unarmed           |    96 |   225 |   146 ||   467
       Kick              |    15 |     3 |       ||    18
       Headbutt          |    13 |     2 |       ||    15
       Tailslap          |     5 |    15 |     7 ||    27
       Punch             |     1 |     3 |     2 ||     6
 Cast: Beastly Appendage |    31 |     2 |       ||    33
       Spider Form       |     1 |    13 |    19 ||    33
       Ice Form          |       |       |     1 ||     1
 Abil: End Transformatio |       |       |     2 ||     2
  Use: Potion            |       |     6 |     5 ||    11
       Scroll            |       |    10 |     3 ||    13
 Stab: Invisible         |       |     1 |       ||     1
       Distracted        |       |     1 |       ||     1
       Sleeping          |       |       |     2 ||     2
Armor: Skin              |    31 |    52 |    20 ||   103
Dodge: Dodged            |    46 |   193 |    94 ||   333
